 Dungeon Crawl Stone Soup version 0.19.1-1-g22dce08 (webtiles) character file.

30 HessuHobo the Sneak (level 3, -1/25 HPs)
             Began as a Vampire Enchanter on Dec 29, 2016.
             Slain by a gnoll
             ... wielding a +0 whip
              (4 damage)
             ... on level 2 of the Dungeon.
             The game lasted 00:17:58 (1977 turns).

HessuHobo the Sneak (Vampire Enchanter)             Turns: 1977, Time: 00:17:59

Health: -1/25      AC:  0    Str:  7    XL:     3   Next: 3%
Magic:  6/6        EV: 20    Int: 17    God:
Gold:   55         SH:  0    Dex: 20    Spells: 1 memorised, 5 levels left

rFire  . . .     SeeInvis +     (weapon currently unavailable)
rCold  . . .     Gourm    .     (armour currently unavailable)
rNeg   + . .     Faith    .     (shield currently unavailable)
rPois  .         Spirit   .     (helmet currently unavailable)
rElec  .         Reflect  .     (cloak currently unavailable)
rCorr  .         Harm     .     (gloves currently unavailable)
MR     .....                    (boots currently unavailable)
Stlth  +++++.....               (no amulet)
                                (ring currently unavailable)
                                (ring currently unavailable)

@: bat-form, flying, very quick
A: fangs 3, see invisible, (unbreathing)
a: End Transformation


You were on level 2 of the Dungeon.
You were not thirsty.
You were in vampire-bat-form.
You visited 1 branch of the dungeon, and saw 2 of its levels.

You collected 55 gold pieces.

Inventory:

Hand Weapons
 a - a +1 dagger (melded)
Armour
 b - a +1 robe (melded)
 g - a cursed +0 helmet
Jewellery
 i - an uncursed ring of flight {unknown}
 j - a cursed ring of loudness {unknown}
 m - a cursed -2 ring of dexterity {unknown}
Potions
 d - 10 potions of blood
 e - a potion of might {unknown}
 f - a potion of magic {unknown}
 h - a potion of mutation {unknown}
 k - a potion of berserk rage {unknown}
Books
 c - a book of Maledictions

   Spells                             Type                      Level
   a - Corona                         Hexes                        1
   b - Ensorcelled Hibernation        Hexes/Ice                    2
   c - Confuse                        Hexes                        3
   d - Tukima's Dance                 Hexes                        3
   e - Dazzling Spray                 Conjuration/Hexes            3


   Skills:
 + Level 0.5 Fighting
 + Level 1.7 Short Blades
 + Level 2.5 Dodging
 + Level 4.9 Stealth
 + Level 2.1 Spellcasting
 + Level 4.8 Hexes


You had 5 spell levels left.
You knew the following spells:

 Your Spells              Type           Power        Failure   Level  Hunger
a - Corona                Hex            ###....      2%          1    #......


Dungeon Overview and Level Annotations

Branches:
Dungeon (2/15)

Altars:
Trog


Innate Abilities, Weirdness & Mutations

You have razor-sharp teeth.
You have supernaturally acute eyesight. (SInv)
((You can survive without breathing.))


Message History

The gnoll looks frightened!
The hobgoblin looks frightened!
It was a scroll of fear.
You hear a bark!
The rat bites you.
* * * LOW HITPOINT WARNING * * *
The hobgoblin gibbers meaninglessly.
You hear a bark! x2
The rat completely misses you.
Cornered, the moth of wrath turns to fight!
The dart slug barely misses you.
Found 12 stones.
You hit the gnoll but do no damage.
Your attack snaps the gnoll out of its fear.
The rat closely misses you. The gnoll misses you.
The dart slug completely misses you.
You hit the gnoll.
The gnoll is lightly wounded.
The rat barely misses you.
You hit the rat but do no damage. The gnoll hits you with a whip.
You die...

#....###....#
#...........#
..#
##.........##
..#
##.......##
..# ####.####
.<#### #r##
..... ##w.#
...
#####.w###.##
.#######
#g....rbg...#
.......#
#.##.#####...#
######g#
#.##g# ... .##
##.###....#
((######## ..#
#...gg..### #.
........
#.###.#..#.##
#.## #......
#...#.##.#.#
...##......
###...##...#
#..#......
##...##..##
#.#......


You could see a worm (berserk), a gnoll, a dart slug, a hobgoblin (fleeing) and
2 rats.

Vanquished Creatures
  3 bats (D:1)
  2 giant cockroaches (D:2)
  4 goblins
  4 hobgoblins
  4 jackals (D:1)
  3 ball pythons
  2 frilled lizards
  3 kobolds
  2 rats (D:1)
27 creatures vanquished.

Notes
Turn   | Place    | Note
-------+----------+-------------------------------------------
     0 | D:1      | HessuHobo the Vampire Enchanter began the quest for the Orb.
     0 | D:1      | Reached XP level 1. HP: 13/13 MP: 3/3
   184 | D:1      | Reached XP level 2. HP: 9/19 MP: 5/5
  1794 | D:2      | Reached XP level 3. HP: 25/25 MP: 6/6
  1949 | D:2      | Noticed a moth of wrath
  1952 | D:2      | Found a bloodstained altar of Trog.
  1977 | D:2      | Slain by a gnoll

Action                   || total
-------------------------++-------
Melee: Dagger            ||   133
       Bite              ||     8
       Unarmed           ||     3
 Abil: Bat Form          ||     1
  Use: Scroll            ||     3
 Stab: Sleeping          ||     3
  Eat: Corpse            ||     4
Armor: Robe              ||    32
Dodge: Dodged            ||   112
